 Dungeon Crawl Stone Soup version 0.31.0-9-g3a7656b989 (webtiles) character file.

Game seed: 13043960253612111486

3010 qw the Skirmisher (level 9, -1/52 HPs)
             Began as a Deep Elf Hunter on Feb 2, 2024.
             Was a Follower of Okawaru.
             Slain by Jeremiah
             ... wielding a +4 vampiric trident
              (8 damage)
             ... on level 7 of the Dungeon.
             The game lasted 00:00:32 (6333 turns).

qw the Skirmisher (Deep Elf Hunter)                 Turns: 6333, Time: 00:00:32

Health: -1/52      AC: 13    Str: 12    XL:     9   Next: 55%
Magic:  13/14      EV: 19    Int: 15    God:    Okawaru [*.....]
Gold:   423        SH:  5    Dex: 18    Spells: 8/8 levels left

rFire   + . .        b - +0 arbalest
rCold   . . .        (shield currently unavailable)
rNeg    . . .        h - +1 scale mail {rF+}
rPois   .            (no helmet)
rElec   .            (no cloak)
rCorr   .            d - +2 pair of gloves
SInv    +            k - +0 pair of boots
Will    .....        e - amulet of reflection
Stlth   ++           f - +5 ring of evasion
HPRegen 0.28/turn    n - ring of see invisible
MPRegen 0.14/turn

%: reflection
@: about to teleport, heroic
A: no striking features
a: Renounce Religion, Heroism


You were on level 7 of the Dungeon.
You worshipped Okawaru.
Okawaru was aware of your devotion.
You visited 2 branches of the dungeon, and saw 8 of its levels.
You also visited: Sewer.

You collected 423 gold pieces.


   Skills:
 - Level 4.7(9.7) Fighting
 + Level 14.3(19.3) Ranged Weapons
 - Level 2.4(7.4) Armour
 - Level 5.0(10.0) Dodging
 - Level 1.2(6.2) Stealth
 - Level 4.0 Invocations


You had 8 spell levels left.
You didn't know any spells.
Your spell library was empty.

Inventory:

Hand Weapons
 b - a +0 arbalest (weapon)
Armour
 d - a +2 pair of gloves (worn)
 h - a +1 scale mail of fire resistance (worn)
 i - a +1 ring mail
 k - a +0 pair of boots (worn)
Jewellery
 e - an amulet of reflection (around neck)
 f - a +5 ring of evasion (left hand)
 n - a ring of see invisible (right hand)
 Y - a ring of positive energy
Wands
 j - a wand of polymorph (7)
Scrolls
 g - a scroll of teleportation
Potions
 c - a potion of resistance
 l - a potion of curing
 o - a potion of mutation
 q - a potion of might {unknown}

Dungeon Overview and Level Annotations

Branches:
Dungeon (7/15)             Temple (1/1) D:5           Sewer (visited)

Altars:
Ashenzari
Cheibriados
Dithmenos
Elyvilon
Fedhas
Gozag
Hepliaklqana
Kikubaaqudgha
Makhleb
Nemelex Xobeh
Okawaru
Qazlal
Ru
Sif Muna
Trog
Uskayaw
Vehumet
Wu Jian
Xom
Yredelemnul
Zin

Annotations:
D:7 Jeremiah


Message History

Jeremiah hops!
The butterfly disappears in a burst of colours!
Jeremiah hops!
6327 ||| INVOKING Heroism.
You gain the combat prowess of a mighty hero.
The butterfly disappears in a burst of colours!
Jeremiah hits you but does no damage.
You shoot a bolt. The bolt barely misses Jeremiah.
The bolt barely misses the butterfly.
The bolt misses the butterfly. x2
The bolt hits the butterfly.
You kill the butterfly!
The butterfly disappears in a burst of colours!
The butterfly disappears in a burst of colours! x3
Jeremiah hits you with a +4 vampiric trident!
You shoot a bolt. The bolt hits Jeremiah!
Jeremiah is moderately wounded.
Jeremiah throws their arms up pleadingly.
Something smites you!
You shoot a bolt. The bolt barely misses Jeremiah.
The bolt closely misses the butterfly.
The bolt misses the butterfly.
The bolt barely misses the butterfly.
The bolt hits the butterfly!
You kill the butterfly!
The butterfly disappears in a burst of colours!
Jeremiah closely misses you.
You shoot a bolt. The bolt barely misses Jeremiah.
The bolt hits the butterfly.
You kill the butterfly!
The butterfly disappears in a burst of colours!
The butterfly disappears in a burst of colours!
You block Jeremiah's attack. Jeremiah completely misses you.
You shoot a bolt.
The bolt hits Jeremiah but does no damage.
Jeremiah is moderately wounded.
Jeremiah mumbles a slurred invocation.
Something smites you!
6333 ||| READING 2 scrolls of teleportation.
As you read the scroll of teleportation, it crumbles to dust.
You feel strangely unstable.
Jeremiah hits you with a +4 vampiric trident!
You die...
Jeremiah asks, "Is it over?
Can I wake up now?" #.# (.... #.# #...... # #.# #......# #.#.### #......# #.#... ......# bb..

#.....
#.###b#########
#.....
#...bbF@b......
#.....
#####b#########
#..... #.## #.....
#..######## #.....
##........# #.....
########.#####.....
#.....#.....
#####.......
###.####


You could see Jeremiah.

Vanquished Creatures
  Pikel (D:4)
  Edmund (D:4)
  Duvessa (D:5)
  A water moccasin (D:5)
  Pargi (Sewer)
  A sky beast (D:6)
  2 ice beasts
  3 black bears
  2 ogres
  2 kobold brigands
  A bullfrog (D:7)
  Blork the orc (D:5)
  2 scorpions (D:5)
  Dowan (D:5)
  A howler monkey (D:6)
  2 jellies
  5 hounds
  An orc priest (D:7)
  Ijyb (D:3)
  3 gnoll boudas
  A sleepcap (D:5)
  5 iguanas
  Natasha (thrice) (D:3)
  An orc wizard (D:5)
  4 adders
  19 gnolls
  3 river rats (D:4)
  A shadow imp (D:6)
  2 white imps
  A ribbon worm (D:4)
  2 dart slugs
  12 orcs
  4 ball pythons
  5 bats
  8 endoplasms
  4 giant cockroaches
  6 goblins
  7 hobgoblins
  5 quokkas
  3 frilled lizards
  13 kobolds
  5 rats
147 creatures vanquished.

Notes
Turn   | Place    | Note
-------+----------+-------------------------------------------
     0 | D:1      | qw the Deep Elf Hunter began the quest for the Orb.
     0 | D:1      | Reached XP level 1. HP: 12/12 MP: 3/3
     0 | D:1      | 0 ||| qw: Version: 0.3-a-155-g5e7d8dd
     0 | D:1      | 0 ||| qw: Game counter: 961
     0 | D:1      | 0 ||| qw: Melee chars always use a shield: true
     0 | D:1      | 0 ||| qw: God list: Okawaru
     0 | D:1      | 0 ||| qw: Allow faded altars: false
     0 | D:1      | 0 ||| qw: Do Orc after clearing Dungeon:15 true
     0 | D:1      | 0 ||| qw: Do second Lair branch before Depths: true
     0 | D:1      | 0 ||| qw: Lair rune preference: random
     0 | D:1      | 0 ||| qw: Goals: Normal
     0 | D:1      | 0 ||| PLANNING D:1-11
   106 | D:1      | Reached XP level 2. HP: 16/16 MP: 4/4
   107 | D:1      | Reached skill level 6 in Ranged Weapons
   602 | D:1      | 602 ||| UPGRADING to +0 ring mail.
   612 | D:1      | 612 ||| DROPPING +0 leather armour.
   613 | D:1      | 613 ||| DROPPING ring of flight.
   614 | D:1      | 614 ||| READING 2 scrolls labelled JARUMA COISINK.
   614 | D:1      | 614 ||| IDENTIFYING smoky green potion
   615 | D:1      | 615 ||| READING scroll of identify.
   615 | D:1      | 615 ||| IDENTIFYING amethyst potion
   616 | D:1      | 616 ||| READING scroll labelled VAALUU LAALIU.
   616 | D:1      | 616 ||| ENCHANTING +0 ring mail.
   617 | D:1      | 617 ||| DROPPING scroll of butterflies.
   772 | D:2      | Found an opulent altar of Gozag.
   893 | D:2      | Reached XP level 3. HP: 20/20 MP: 5/5
  1509 | D:2      | Reached skill level 7 in Ranged Weapons
  1546 | D:2      | 1546 ||| UPGRADING to +0 pair of gloves.
  1551 | D:2      | 1551 ||| UPGRADING to +5 ring of evasion.
  1552 | D:2      | 1552 ||| READING scroll of identify.
  1552 | D:2      | 1552 ||| IDENTIFYING 2 brown potions
  1553 | D:2      | 1553 ||| READING scroll labelled VEK EMUUZERU.
  1554 | D:2      | 1554 ||| READING scroll labelled WIAMILOER.
  1555 | D:2      | 1555 ||| DROPPING 2 potions of attraction.
  1672 | D:3      | Noticed Ijyb
  1678 | D:3      | HP: 5/20 [Ijyb/puff of flame (6)]
  1679 | D:3      | 1679 ||| DRINKING potion of heal wounds.
  1688 | D:3      | Killed Ijyb
  1689 | D:3      | Reached XP level 4. HP: 8/25 MP: 6/6
  1827 | D:3      | 1827 ||| FLEEEEING.
  1829 | D:3      | Reached skill level 8 in Ranged Weapons
  1847 | D:3      | 1847 ||| FLEEEEING.
  1850 | D:3      | 1850 ||| FLEEEEING.
  1851 | D:3      | 1851 ||| FLEEEEING.
  1919 | D:3      | Reached XP level 5. HP: 29/29 MP: 7/7
  1924 | D:3      | Noticed Natasha
  1937 | D:3      | Killed Natasha
  1967 | D:3      | Noticed Natasha
  1972 | D:3      | Killed Natasha
  2026 | D:3      | Noticed Natasha
  2033 | D:3      | Killed Natasha
  2034 | D:3      | Reached skill level 9 in Ranged Weapons
  2199 | D:3      | 2199 ||| UPGRADING to ring of positive energy.
  2200 | D:3      | 2200 ||| READING scroll of identify.
  2200 | D:3      | 2200 ||| IDENTIFYING yellow potion
  2201 | D:3      | 2201 ||| DRINKING 2 murky emerald potions.
  2202 | D:3      | 2202 ||| DROPPING potion of degeneration.
  2226 | D:4      | 2226 ||| PLANNING SEWER
  2303 | D:4      | Noticed an ogre
  2304 | D:4      | 2304 ||| DRINKING potion of haste.
  2312 | D:4      | Killed an ogre
  2313 | D:4      | Reached XP level 6. HP: 29/35 MP: 8/8
  2439 | D:4      | Found a glowing drain.
  2440 | D:4      | 2440 ||| READING scroll labelled PAUQ ACROE.
  2440 | D:4      | 2440 ||| ENCHANTING +0 shortbow.
  2449 | Sewer    | Entered a sewer
  2460 | Sewer    | Noticed Pargi
  2471 | Sewer    | Killed Pargi
  2472 | Sewer    | Reached skill level 10 in Ranged Weapons
  2550 | Sewer    | Reached skill level 3 in Dodging
  2624 | Sewer    | Reached skill level 1 in Armour
  2624 | Sewer    | Reached XP level 7. HP: 32/40 MP: 9/9
  2685 | Sewer    | 2685 ||| READING scroll labelled PUWUDI EMOYNE.
  2702 | D:4      | 2702 ||| PLANNING D:1-11
  2727 | D:4      | 2727 ||| READING 2 scrolls of enchant armour.
  2727 | D:4      | 2727 ||| ENCHANTING +0 pair of gloves.
  2728 | D:4      | 2728 ||| READING scroll of enchant armour.
  2728 | D:4      | 2728 ||| ENCHANTING +1 pair of gloves.
  2799 | D:4      | Found a bloodstained altar of Trog.
  2807 | D:4      | Found a stormy altar of Qazlal.
  2854 | D:4      | Noticed Edmund
  2876 | D:4      | HP: 10/40 [Edmund/+1 flail of holy wrath (1)]
  2881 | D:4      | HP: 7/40 [Edmund/+1 flail of holy wrath (5)]
  2882 | D:4      | HP: 3/40 [Edmund/+1 flail of holy wrath (4)]
  2885 | D:4      | Killed Edmund
  2886 | D:4      | Reached skill level 11 in Ranged Weapons
  3164 | D:4      | Noticed Pikel
  3165 | D:4      | 3165 ||| RETREEEEATING.
  3167 | D:4      | 3167 ||| RETREEEEATING.
  3192 | D:4      | Killed Pikel
  3193 | D:4      | Reached skill level 13 in Ranged Weapons
  3193 | D:4      | Reached XP level 8. HP: 14/44 MP: 10/10
  3397 | D:4      | 3397 ||| FLEEEEING.
  3398 | D:4      | 3398 ||| FLEEEEING.
  3399 | D:4      | 3399 ||| FLEEEEING.
  3400 | D:4      | 3400 ||| FLEEEEING.
  3401 | D:4      | 3401 ||| FLEEEEING.
  3721 | D:4      | 3721 ||| UPGRADING to +1 scale mail of fire resistance.
  3731 | D:4      | 3731 ||| UPGRADING to +0 pair of boots.
  3736 | D:4      | 3736 ||| UPGRADING to ring of see invisible.
  3738 | D:4      | 3738 ||| READING scroll of identify.
  3738 | D:4      | 3738 ||| IDENTIFYING fizzy red potion
  3739 | D:4      | 3739 ||| DROPPING potion of lignification.
  3747 | D:5      | Entered Level 5 of the Dungeon
  3768 | D:5      | Found a staircase to the Ecumenical Temple.
  3769 | D:5      | 3769 ||| PLANNING TEMPLE
  3769 | D:5      | 3769 ||| READING 3 scrolls of identify.
  3769 | D:5      | 3769 ||| IDENTIFYING puce potion
  3770 | D:5      | 3770 ||| READING 2 scrolls of identify.
  3770 | D:5      | 3770 ||| IDENTIFYING fuming golden potion
  3771 | D:5      | 3771 ||| READING scroll of identify.
  3771 | D:5      | 3771 ||| IDENTIFYING red potion
  3772 | D:5      | 3772 ||| DROPPING potion of magic.
  3773 | D:5      | 3773 ||| DROPPING potion of ambrosia.
  3779 | Temple   | Entered the Ecumenical Temple
  3780 | Temple   | 3780 ||| PLANNING OKAWARU WORSHIP
  3807 | Temple   | Became a worshipper of Warmaster Okawaru
  3808 | Temple   | 3808 ||| PLANNING D:1-11
  3895 | D:5      | Reached skill level 3 in Fighting
  3897 | D:5      | 3897 ||| DRINKING potion of curing.
  3897 | D:5      | 3897 ||| (to cure confusion)
  3902 | D:5      | 3902 ||| RETREEEEATING.
  3907 | D:5      | Noticed Blork the orc
  3911 | D:5      | 3911 ||| DRINKING potion of haste.
  3918 | D:5      | HP: 7/46 [Blork the orc/magic dart (7)]
  3919 | D:5      | Killed Blork the orc
  3920 | D:5      | 3920 ||| FLEEEEING.
  3945 | D:5      | Reached * piety under Okawaru
  3951 | D:5      | HP: 10/46 [orc/+0 war axe (3)]
  3972 | D:5      | 3972 ||| FLEEEEING.
  3973 | D:5      | 3973 ||| FLEEEEING.
  3974 | D:5      | 3974 ||| FLEEEEING.
  3975 | D:5      | 3975 ||| FLEEEEING.
  3976 | D:5      | 3976 ||| FLEEEEING.
  3979 | D:5      | 3979 ||| FLEEEEING.
  3980 | D:5      | 3980 ||| FLEEEEING.
  3981 | D:5      | 3981 ||| FLEEEEING.
  3982 | D:5      | 3982 ||| FLEEEEING.
  3983 | D:5      | 3983 ||| FLEEEEING.
  3984 | D:5      | 3984 ||| FLEEEEING.
  3985 | D:5      | 3985 ||| FLEEEEING.
  3986 | D:5      | 3986 ||| FLEEEEING.
  3987 | D:5      | 3987 ||| FLEEEEING.
  3988 | D:5      | 3988 ||| FLEEEEING.
  3989 | D:5      | 3989 ||| FLEEEEING.
  3990 | D:5      | 3990 ||| FLEEEEING.
  3991 | D:5      | 3991 ||| FLEEEEING.
  3992 | D:5      | 3992 ||| FLEEEEING.
  3993 | D:5      | 3993 ||| FLEEEEING.
  3994 | D:5      | 3994 ||| FLEEEEING.
  3995 | D:5      | 3995 ||| FLEEEEING.
  3996 | D:5      | 3996 ||| STAIRDANCE
  4158 | D:5      | Reached skill level 1 in Invocations
  4426 | D:5      | Reached skill level 14 in Ranged Weapons
  4435 | D:5      | Reached XP level 9. HP: 41/51 MP: 11/13
  4494 | D:5      | Noticed Dowan
  4495 | D:5      | Noticed Duvessa
  4503 | D:5      | Reached skill level 3 in Invocations
  4508 | D:5      | 4508 ||| INVOKING Heroism.
  4519 | D:5      | Killed Duvessa
  4521 | D:5      | 4521 ||| INVOKING Heroism.
  4523 | D:5      | Killed Dowan
  4771 | D:5      | 4771 ||| READING scroll of enchant weapon.
  4771 | D:5      | 4771 ||| ENCHANTING +1 shortbow.
  4896 | D:5      | Found a sacrificial altar of Ru.
  4964 | D:5      | 4964 ||| UPGRADING to amulet of reflection.
  4969 | D:5      | 4969 ||| READING 2 scrolls labelled FYISEU ZIGG.
  4973 | D:5      | 4973 ||| READING scroll labelled ECAELO FIUMI.
  5074 | D:5      | 5074 ||| DROPPING wand of flame (12).
  5735 | D:6      | 5735 ||| READING scroll of identify.
  5735 | D:6      | 5735 ||| IDENTIFYING viscous dark potion
  5736 | D:6      | 5736 ||| READING scroll labelled VOGAED YQISAID.
  5736 | D:6      | 5736 ||| BRANDING +2 shortbow.
  5737 | D:6      | 5737 ||| READING 4 scrolls labelled SOQOEH ISOMENESS.
  5838 | D:6      | 5838 ||| DROPPING 3 scrolls of vulnerability.
  6253 | D:7      | 6253 ||| SWAPPING to +0 arbalest.
  6255 | D:7      | Noticed Jeremiah
  6256 | D:7      | 6256 ||| RETREEEEATING.
  6257 | D:7      | 6257 ||| RETREEEEATING.
  6258 | D:7      | 6258 ||| INVOKING Heroism.
  6272 | D:7      | 6272 ||| DROPPING +2 shortbow of draining.
  6292 | D:7      | 6292 ||| INVOKING Heroism.
  6300 | D:7      | HP: 8/52 [Jeremiah/divine providence (9)]
  6301 | D:7      | 6301 ||| DRINKING potion of heal wounds.
  6327 | D:7      | 6327 ||| INVOKING Heroism.
  6332 | D:7      | HP: 6/52 [Jeremiah/divine providence (12)]
  6333 | D:7      | 6333 ||| READING 2 scrolls of teleportation.
  6333 | D:7      | Slain by Jeremiah

Levels and vault maps discovered:
D:1:      nicolae_arrival_washed_ashore, layout_basic
D:2:      wander_river, layout_basic, basic_altar
D:3:      layout_rooms, nicolae_grassy_gnolls, uniq_ijyb, uniq_natasha
D:4:      layout_basic, grunt_temple_overflow_open, portal_sewer_entry_b,
          kennysheep_generic_room_9, uniq_edmund, uniq_pikel
D:5:      layout_basic, nicolae_ru_the_path_less_chosen,
          minmay_temple_entry_statues_pillars, uniq_blork_the_orc, uniq_duvessa
D:6:      layout_loops_ring, serial_bayou_pond_c
D:7:      layout_basic, minmay_holes, uniq_jeremiah
Temple:   mainiacjoe_temple_bowtie_tessellation

Skill      XL: |  1  2  3  4  5  6  7  8  9 |
---------------+----------------------------+-----
Ranged Weapons | 6 7 8 9 10 13 14 | 14.3
Fighting       | 2 3 4 |  4.7
Dodging        | 3 5 |  5.0
Armour         | 1 2 |  2.4
Invocations    | 2 4 |  4.0
Stealth        | |  1.2

Action                     |  1- 3 |  4- 6 |  7- 9 || total
---------------------------+-------+-------+-------++-------
   Fire: Shortbow          |    97 |   177 |   435 ||   709
         Arbalest          |       |       |    15 ||    15
 Invoke: Heroism           |       |       |     5 ||     5
    Use: Scroll            |     6 |     2 |    14 ||    22
         Potion            |     1 |     2 |     3 ||     6
 Armour: Leather armour    |     3 |       |       ||     3
         Ring mail         |    12 |    43 |    42 ||    97
         Scale mail        |       |       |    90 ||    90
  Dodge: Dodged            |    15 |    70 |   219 ||   304
  Block: Other             |       |       |    12 ||    12
         Reflection        |       |       |     2 ||     2

Table legend:
 A = Non-vault XP
 B = Vault XP
 C = Vault XP percentage of total XP
 D = Non-vault monster count
 E = Vault monster count
 F = Vault count percentage of total count
                 A         B        C        D         E       F
            +---------+---------+-------+---------+---------+-------
      Total |    2634 |    1666 |  38.7 |     120 |      27 |  18.4
            +---------+---------+-------+---------+---------+-------
        D:1 |      24 |       0 |   0.0 |      14 |       0 |   0.0
        D:2 |      41 |       0 |   0.0 |      17 |       0 |   0.0
        D:3 |     108 |     131 |  54.8 |      16 |       6 |  27.3
        D:4 |     349 |     933 |  72.8 |      22 |      10 |  31.2
        D:5 |    1124 |     310 |  21.6 |      28 |       3 |   9.7
        D:6 |     457 |       0 |   0.0 |      15 |       0 |   0.0
        D:7 |     531 |       0 |   0.0 |       8 |       0 |   0.0
      Sewer |       0 |     292 | 100.0 |       0 |       8 | 100.0
            +---------+---------+-------+---------+---------+-------
